 Dungeon Crawl Stone Soup version 0.23.0-42-geed6394480 (webtiles) character file.

Game seed: 8990057475366760646

11 D1HalberdGnoll the Grasshopper (level 2, 0/24 (25) HPs)
             Began as a Ghoul Warper on Mar 1, 2019.
             Slain by a hobgoblin
             ... wielding a +0 club
              (5 damage)
             ... on level 1 of the Dungeon.
             The game lasted 00:00:18 (424 turns).

D1HalberdGnoll the Grasshopper (Ghoul Warper)        Turns: 424, Time: 00:00:19

HP:   0/24 (25)     AC:  3    Str: 14    XL:     2   Next: 25%
MP:   3/3           EV: 11    Int:  8    God:
Gold: 2             SH:  0    Dex:  8    Spells: 4/4 levels left

rFire    . . .     SeeInvis .   a - +0 mace
rCold    + . .     Gourm    .   (no shield)
rNeg     + + +     Faith    .   b - +0 leather armour
rPois    ∞         Spirit   .   (no helmet)
rElec    .         Reflect  .   (no cloak)
rCorr    .         Harm     .   (no gloves)
MR       .....                  (no boots)
Stlth    +.........             (no amulet)
HPRegen  0.00/turn              (no ring)
MPRegen  0.08/turn              (no ring)

@: rotting
A: rotting body, claws 1, carnivore, cold resistance 1, negative energy
resistance 3, inhibited regeneration, torment resistance, unbreathing
a: no special abilities


You were on level 1 of the Dungeon.
You were not hungry.

You visited 1 branch of the dungeon, and saw 1 of its levels.

You collected 2 gold pieces.

Inventory:

Hand Weapons
 a - a +0 mace (weapon)
Missiles
 e - 5 tomahawks of dispersal (quivered)
Armour
 b - a +0 leather armour (worn)
Jewellery
 c - an uncursed ring of poison resistance {unknown}
Scrolls
 d - a scroll of blinking
Potions
 g - a potion of haste {unknown}
Comestibles
 f - a ration


   Skills:
 + Level 2.4 Fighting
 * Level 2.1 Maces & Flails
 - Level 0.8 Throwing
 + Level 1.1 Armour
 + Level 2.0 Dodging
 - Level 1.7 Spellcasting
   Level 2.6 Translocations


You had 4 spell levels left.
You didn't know any spells.
Your spell library contained the following spells:

 Spells                   Type           Power        Failure   Level  Hunger
 Blink                    Tloc           N/A          22%         2    ###....
 Shroud of Golubria       Chrm/Tloc      #.........   36%         2    ###....
 Gell's Gravitas          Tloc           #.........   41%         3    ####...
 Lesser Beckoning         Tloc           #.........   41%         3    ####...
 Teleport Other           Tloc           #.......     41%         3    ####...
 Passage of Golubria      Tloc           N/A          83%         4    #####..


Dungeon Overview and Level Annotations

Branches:
Dungeon (1/15)

Altars:


Innate Abilities, Weirdness & Mutations

Your body is rotting away.
You thrive on raw meat.
You are immune to poison.
You have sharp fingernails.
You are carnivorous and can eat meat at any time.
Your flesh is cold resistant. (rC+)
You are immune to negative energy. (rN+++)
You do not regenerate when monsters are visible.
You are immune to unholy pain and torment.
You can survive without breathing.


Message History

You are too injured to fight recklessly!
You are too injured to fight recklessly!
You barely miss the hobgoblin.
The hobgoblin is severely wounded.
The bat barely misses you. The hobgoblin barely misses you.
The hobgoblin hits you with a +0 club.
* * * LOW HITPOINT WARNING * * *
The bat hits you but does no damage. The bat hits you but does no damage.
The bat hits you.
* * * LOW HITPOINT WARNING * * *
You miss the bat. The bat hits you but does no damage.
The bat barely misses you.
Okay, then.
You miss the bat. The bat hits you.
* * * LOW HITPOINT WARNING * * *
You closely miss the hobgoblin.
The hobgoblin is severely wounded.
You feel your flesh rotting away. The hobgoblin hits you with a +0 club.
You die...

#.# #.# #.# #.# #.# #.#
#.# #.# #.#
####.###.##########
...................
#########.###....##.####
.......@gb.....#.##.#
#########.#....#.##.#
#######...##...##.####
##≈≈≈≈≈######..........
##........8###..........
#..<.........'.#.#...###
##........8#####.#...# #
##≈≈≈≈≈#### #.#...# #
####### #.....# #


You could see a hobgoblin and a bat.

Vanquished Creatures
  A leopard gecko (D:1)
  2 giant cockroaches (D:1)
  2 goblins (D:1)
  A hobgoblin (D:1)
  A frilled lizard (D:1)
  A kobold (D:1)
  A rat (D:1)
9 creatures vanquished.

Notes
Turn   | Place    | Note
-------+----------+-------------------------------------------
     0 | D:1      | D1HalberdGnoll the Ghoul Warper began the quest for the
                  | Orb.
     0 | D:1      | Reached XP level 1. HP: 17/17 MP: 2/2
   179 | D:1      | Reached skill level 1 in Armour
   279 | D:1      | Reached XP level 2. HP: 21/25 MP: 3/3
   424 | D:1      | Slain by a hobgoblin

Skill      XL: |  1  2 |
---------------+-------+-----
Armour         | 1 |  1.1
Maces & Flails | 2 |  2.1
Dodging        | 2 |  2.0
Fighting       | |  2.4
Throwing       | |  0.8
Spellcasting   | |  1.7
Translocations | |  2.6

Action                   || total
-------------------------++-------
Melee: Mace              ||    48
  Eat: Chunk             ||     2
Armor: Leather armour    ||    18
Dodge: Dodged            ||    49
